 Dungeon Crawl Stone Soup version 0.31.0-7-gf635a9b802 (webtiles) character file.

Game seed: 15493950755174047424

445 Armakuni the Grave Robber (level 7, 0/32 HPs)
             Began as a Vine Stalker Necromancer on Jan 24, 2024.
             Slain by Crazy Yiuf
             ... wielding a +3 quarterstaff of chaos
              (9 damage)
             ... on level 4 of the Dungeon.
             The game lasted 00:09:11 (3224 turns).

Armakuni the Grave Robber (VSNe)                    Turns: 3224, Time: 00:09:12

Health: 0/32       AC:  3    Str: 11    XL:     7   Next: 3%
Magic:  0/11       EV: 12    Int: 17    God:
Gold:   162        SH:  0    Dex: 14    Spells: 6/10 levels left

rFire   + +          .
                       - Unarmed
rCold   + . .        (no shield)
rNeg    . . .        f - +0 robe
rPois   +            j - +0 helmet
rElec   +            (no cloak)
rCorr   +            (no gloves)
SInv    .            (no boots)
Will    .....        M - amulet of magic regeneration
Stlth   ++           F - ring of protection from fire
HPRegen 1.05/turn    (no ring)
MPRegen 0.52/turn

%: guardian spirit
@: lethally poisoned (0 -> -2), resistant
A: fangs 2, regeneration 1, magic shield, antimagic bite, no potion heal 2
a: no special abilities


You were on level 4 of the Dungeon.
You visited 1 branch of the dungeon, and saw 4 of its levels.

You collected 162 gold pieces.

Inventory:

Hand Weapons
 p - a +2 demon trident of flaming
Missiles
 o - 6 curare-tipped darts
Armour
 f - a +0 robe (worn)
 j - a +0 helmet (worn)
Jewellery
 F - a ring of protection from fire (left hand)
 M - an amulet of magic regeneration (around neck)
Scrolls
 h - a scroll of enchant weapon
 n - a scroll of noise
 q - a scroll of fog
 y - a scroll of teleportation
Potions
 a - a potion of lignification
 b - a potion of magic
 c - a potion of enlightenment {unknown}
 d - a potion of resistance {unknown}
 e - a potion of haste {unknown}
 i - a potion of berserk rage {unknown}
 k - a potion of curing {unknown}
 l - a potion of mutation {unknown}


   Skills:
 - Level 1.5 Dodging
 - Level 2.4 Stealth
 + Level 4.7 Unarmed Combat
 - Level 2.1 Spellcasting
 + Level 6.4 Necromancy


You had 6 spell levels left.
You knew the following spells:

 Your Spells              Type           Power      Damage    Failure   Level
a - Necrotise             Necr           92%        1d8       1%          1
z - Vampiric Draining     Necr           23%        2d7       4%          3

Your spell library contained the following spells:

 Spells                   Type           Power      Damage    Failure   Level
 Animate Dead             Necr           23%        N/A       14%         4
 Curse of Agony           Necr           23%        N/A       36%         5


Dungeon Overview and Level Annotations

Branches:
Dungeon (4/15)
 Temple: D:4-7

Altars:
Xom

Shops:
D:3 [

Annotations:
D:4 Crazy Yiuf, Eustachio


Innate Abilities, Weirdness & Mutations

You have extremely sharp teeth.
Your natural rate of healing is unusually fast.
When hurt, damage is shared between your health and your magic reserves.
Your bite disrupts and absorbs the magic of your enemies.
Potions cannot restore your health.


Message History

Aim: Crazy Yiuf, wielding a +3 quarterstaff of chaos and wearing a +0 cloak (moderately wounded, chance to affect: 87%) Crazy Yiuf writhes in agony!
Aiming: Necrotise (safe; 1% risk of failure)
Press: ? - help, Q - select action, (/) - cycle Shift-Dir - straight line, f/p - Crazy Yiuf
Aim: Crazy Yiuf, wielding a +3 quarterstaff of chaos and wearing a +0 cloak (severely wounded, chance to affect: 87%) Crazy Yiuf barely resists.
You hit Crazy Yiuf but do no damage. Your bite misses Crazy Yiuf.
Crazy Yiuf is severely wounded.
Crazy Yiuf barely misses you.
Aiming: Necrotise (safe; 1% risk of failure)
Press: ? - help, Q - select action, (/) - cycle Shift-Dir - straight line, f/p - Crazy Yiuf
Aim: Crazy Yiuf, wielding a +3 quarterstaff of chaos and wearing a +0 cloak (severely wounded, chance to affect: 87%) Crazy Yiuf writhes in agony.
Crazy Yiuf hits you with a +3 quarterstaff of chaos!
You feel protected.
Casting: Necrotise (safe; 1% risk of failure)
Confirm with . or Enter, or press ? or * to list all spells.
Aiming: Vampiric Draining (dangerous; 4% risk of failure)
Press: ? - help, Shift-Dir - straight line, f/p - Crazy Yiuf
Aim: Crazy Yiuf, wielding a +3 quarterstaff of chaos and wearing a +0 cloak (severely wounded)
You draw life force from Crazy Yiuf.
You feel life coursing into your body.
Crazy Yiuf hits you with a +3 quarterstaff of chaos!
You are poisoned.
Casting: Vampiric Draining (dangerous; 4% risk of failure)
Confirm with . or Enter, or press ? or * to list all spells.
You don't have enough magic to cast this spell.
Unknown command.
Aiming: Necrotise (safe; 1% risk of failure)
Press: ? - help, Q - select action, (/) - cycle Shift-Dir - straight line, f/p - Crazy Yiuf
Aim: Crazy Yiuf, wielding a +3 quarterstaff of chaos and wearing a +0 cloak (almost dead, chance to affect: 87%) Crazy Yiuf barely resists.
You feel very sick. Crazy Yiuf barely misses you.
Aiming: Necrotise (safe; 1% risk of failure)
Press: ? - help, Q - select action, (/) - cycle Shift-Dir - straight line, f/p - Crazy Yiuf
Aim: Crazy Yiuf, wielding a +3 quarterstaff of chaos and wearing a +0 cloak (almost dead, chance to affect: 87%) Crazy Yiuf writhes in agony.
You feel very sick.
Crazy Yiuf hits you with a +3 quarterstaff of chaos!
You die...

#.........###....####.##.#
#.........# #....# #.##.#
#....<....# ♣.♣..♣
#.##.####### ♣..P♣♣
#.##........ ♣♣.♣♣
#.#########. ♣)♣♣ #.# #.
♣♣.♣ ### #. ♣.♣♣ #. ♣♣@♣ #.
#g# ###########. ####### ...
#........... #.....# #...#
#.########## #.....# #).)#
#.##.......# .. #.....#
##### #.......#..# !.
#.....# ####.##.##.# .
#.....###########...........
####.†...........##...#.####


You could see Crazy Yiuf.

Vanquished Creatures
  Edmund (D:4)
  A black bear (D:4)
  2 orc wizards
  Robin (D:2)
  6 adders
  A dart slug (D:1)
  A ribbon worm (D:2)
  11 orcs
  11 ball pythons
  9 endoplasms
  A giant cockroach (D:3)
  12 goblins
  8 hobgoblins
  14 jackals
  5 kobolds
  3 quokkas
  5 bats
  4 frilled lizards
  11 rats
107 creatures vanquished.

Vanquished Creatures (collateral kills)
  A ball python (D:2)
  A kobold (D:4)
2 creatures vanquished.

Grand Total: 109 creatures vanquished

Notes
Turn   | Place    | Note
-------+----------+-------------------------------------------
     0 | D:1      | Armakuni the Vine Stalker Necromancer began the quest for
                  | the Orb.
     0 | D:1      | Reached XP level 1. HP: 9/9 MP: 4/4
   121 | D:1      | Reached skill level 1 in Unarmed Combat
   121 | D:1      | Reached XP level 2. HP: 13/13 MP: 3/6
   454 | D:1      | Reached XP level 3. HP: 13/16 MP: 4/7
   991 | D:2      | Learned a level 3 spell: Vampiric Draining
  1033 | D:2      | You fall into a shaft and drop 1 floor!
  1033 | D:3      | Found Nyasheed's Armour Shoppe.
  1064 | D:2      | Noticed Robin
  1378 | D:2      | Killed Robin
  1379 | D:2      | Reached XP level 4. HP: 21/21 MP: 5/8
  1818 | D:2      | Reached skill level 5 in Necromancy
  1958 | D:3      | Reached XP level 5. HP: 24/24 MP: 7/9
  2349 | D:3      | Found a shimmering altar of Xom.
  2525 | D:4      | Identified the +0 ring mail of the Hills {Str+3}
  2780 | D:4      | Noticed Edmund
  2793 | D:4      | Killed Edmund
  2794 | D:4      | Reached skill level 6 in Necromancy
  2794 | D:4      | Reached XP level 6. HP: 28/28 MP: 10/10
  2943 | D:4      | Noticed a black bear
  2950 | D:4      | Noticed Eustachio
  2972 | D:4      | Killed a black bear
  3081 | D:4      | Reached XP level 7. HP: 30/32 MP: 11/11
  3212 | D:4      | Found a runed translucent door.
  3213 | D:4      | Noticed Crazy Yiuf
  3224 | D:4      | Slain by Crazy Yiuf

Illustrated notes

Levels and vault maps discovered:
D:1:      tarquinn_simple_flora_water_d, layout_loops_ring
D:2:      layout_basic, minmay_misc_feat_ornament, kennysheep_generic_room_13,
          uniq_robin
D:3:      layout_loops_ring, mainiacjoe_overflow_concentric_impassable,
          serial_shops, shop
D:4:      layout_basic, uniq_eustachio, uniq_crazy_yiuf_cottage, uniq_edmund

Skill      XL: |  1  2  3  4  5 |
---------------+----------------+-----
Unarmed Combat | 1 2 3 4 |  4.7
Necromancy     | 5 6 |  6.4
Dodging        | |  1.5
Stealth        | |  2.4
Spellcasting   | |  2.1

Action                     |  1- 3 |  4- 6 |  7- 9 || total
---------------------------+-------+-------+-------++-------
  Melee: Unarmed           |   118 |    76 |     8 ||   202
         Bite              |    21 |    21 |     2 ||    44
         Punch             |       |     4 |       ||     4
   Cast: Necrotise         |    28 |    69 |     6 ||   103
         Vampiric Draining |       |     1 |     1 ||     2
    Use: Scroll            |       |     3 |     4 ||     7
   Stab: Sleeping          |     9 |       |       ||     9
 Armour: Robe              |    79 |    65 |     7 ||   151
  Dodge: Dodged            |    87 |    65 |     7 ||   159
